 Dungeon Crawl Stone Soup version 0.19.5 (console) character file.

724 Grinner the Cutter (level 7, -2/52 HPs)
             Began as a Minotaur Transmuter on Mar 13, 2017.
             Slain by a wight
             ... wielding a +5 trident
              (11 damage)
             ... on level 6 of the Dungeon.
             The game lasted 00:08:53 (4791 turns).

Grinner the Cutter (Minotaur Transmuter)            Turns: 4791, Time: 00:08:53

Health: -2/52      AC:  5    Str: 14      XL:     7   Next: 43%
Magic:  17/17      EV: 20    Int: 11 (12) God:
Gold:   266        SH:  4    Dex: 15 (18) Spells: 1 memorised, 7 levels left

rFire  + . .     SeeInvis .     m - +1 dagger (venom)
rCold  + . .     Gourm    .     F - +2 robe {rF+}
rNeg   . . .     Faith    .     (no shield)
rPois  .         Spirit   .     (helmet restricted)
rElec  .         Reflect  +     (no cloak)
rCorr  .         Harm     .     (no gloves)
MR     .....                    j - +0 pair of boots
Stlth  ++........               H - +4 amulet of reflection
                                o - ring of magical power
                                C - ring of protection from cold

@: agile, drained
A: retaliatory headbutt, hooves 1, horns 2, clever 1, subdued magic 1
a: no special abilities


You were on level 6 of the Dungeon.
You were hungry.

You visited 1 branch of the dungeon, and saw 6 of its levels.

You collected 266 gold pieces.

Inventory:

Hand Weapons
 m - a +1 dagger of venom (weapon)
 A - a +0 blowgun
Missiles
 a - 62 arrows
 i - 3 silver javelins (quivered)
 B - 44 poisoned needles
Armour
 j - a +0 pair of boots (worn)
 F - a +2 robe of fire resistance (worn)
Jewellery
 o - a ring of magical power (right hand)
 C - a ring of protection from cold (left hand)
 H - a +4 amulet of reflection (around neck)
Wands
 b - a wand of digging (13/24)
 r - a wand of polymorph (15/24)
Scrolls
 e - 3 scrolls of noise {unknown}
 h - a scroll of remove curse {unknown}
 k - 6 scrolls of magic mapping {unknown}
 t - 6 scrolls of identify {unknown}
 u - 2 scrolls of recharging {unknown}
 v - a scroll of immolation {unknown}
 y - a scroll of blinking {unknown}
 z - a scroll of teleportation {unknown}
Potions
 l - a potion of flight
 D - a potion of degeneration
Books
 c - a book of Changes

   Spells                             Type                      Level
   a - Beastly Appendage              Transmutation                1
   b - Sticks to Snakes               Transmutation                2
   c - Spider Form                    Transmutation/Poison         3
   d - Ice Form                       Ice/Transmutation            4
   e - Blade Hands                    Transmutation                5
Comestibles
 d - 6 bread rations
 f - 4 fruits
 g - a beef jerky
 n - a slice of pizza
 p - 3 meat rations


   Skills:
 - Level 1.2(0.9) Fighting
 * Level 5.9(5.5) Short Blades
 + Level 5.1(4.8) Dodging
 - Level 3.2(2.9) Unarmed Combat
 - Level 1.3(1.1) Spellcasting
 + Level 3.8(3.5) Transmutations


You had 7 spell levels left.
You knew the following spells:

 Your Spells              Type           Power        Failure   Level  Hunger
z - Beastly Appendage     Tmut           #.....       8%          1    ##.....


Dungeon Overview and Level Annotations

Branches:
Dungeon (6/15)
 Temple: D:4-7

Altars:
Cheibriados

Annotations:
D:4 bande's ghost, amateur MiFi


Innate Abilities, Weirdness & Mutations

You reflexively headbutt those who attack you in melee.
You have a pair of horns on your head.
You have large cloven feet.
Your mind is acute. (Int +2)
Your spells are a little easier to cast, but a little less powerful.


Message History

The wight hits you but does no damage.
You feel less woody.
Your +0 pair of boots unmelds from your body.
Your +2 robe of fire resistance unmelds from your body.
You feel resistant to fire. The wight completely misses you.
The wight hits you with an enchanted trident.
* * * LOW HITPOINT WARNING * * *
You feel drained.
Things that are here:
a mace; a robe
Okay, then.
You hit the wight but do no damage. The wight completely misses you.
You hit the wight but do no damage. Your headbutt misses the wight.
You hit the wight but do no damage.
The wight hits you with an enchanted trident.
* * * LOW HITPOINT WARNING * * *
You hit the wight.
The wight is moderately damaged.
The wight hits you with an enchanted trident!
You die...

#........#
######.##.#
#........#
#.......#.#
#........#
#.......#.#
#........#
#.......#.#
#........#
#.........#
##########
#......#..#
#......#.)#
#......#..#
########z@(...##>#
.........)........
........!.###......
......)...# #......
......[)).# #######
.....(....#
..........#
..........#
..........#


You could see a wight.

Vanquished Creatures
  Duvessa (D:4)
  A phantom (D:6)
  Blork the orc (D:4)
  Dowan (D:4)
  A scorpion (D:5)
  2 wights (D:6)
  A hound (D:5)
  An orc wizard (D:6)
  An iguana (D:6)
  A worker ant (D:5)
  A worker ant zombie (D:5)
  8 adders
  A shadow imp (D:6)
  An ooze (D:3)
  An adder skeleton (D:5)
  A worm (D:2)
  4 dart slugs
  A leopard gecko (D:5)
  9 orcs
  6 giant cockroaches
  6 goblins
  6 hobgoblins
  4 jackals (D:5)
  2 quokkas
  A ball python (D:2)
  3 bats
  4 frilled lizards
  A giant cockroach zombie (D:5)
  10 kobolds
  A leopard gecko zombie (D:6)
  4 rats
86 creatures vanquished.

Notes
Turn   | Place    | Note
-------+----------+-------------------------------------------
     0 | D:1      | Grinner the Minotaur Transmuter began the quest for the Orb.
     0 | D:1      | Reached XP level 1. HP: 16/16 MP: 1/1
    77 | D:1      | Reached XP level 2. HP: 23/23 MP: 3/3
   699 | D:1      | Reached skill level 1 in Short Blades
   796 | D:1      | Reached XP level 3. HP: 27/28 MP: 4/4
   943 | D:2      | Found a snail-covered altar of Cheibriados.
  1786 | D:2      | Reached XP level 4. HP: 35/35 MP: 5/5
  2871 | D:4      | Noticed Blork the orc
  2880 | D:4      | Killed Blork the orc
  2880 | D:4      | Reached XP level 5. HP: 16/40 MP: 6/6
  2902 | D:4      | Noticed Duvessa
  2902 | D:4      | Noticed Dowan
  2904 | D:4      | Gained mutation: Your mind is acute. (Int +2) [potion of mutation]
  2904 | D:4      | Gained mutation: Your spells are a little easier to cast, but a little less powerful. [potion of mutation]
  2904 | D:4      | Gained mutation: You have large cloven feet. [potion of mutation]
  2921 | D:4      | Killed Dowan
  2940 | D:4      | Killed Duvessa
  2940 | D:4      | Reached XP level 6. HP: 23/47 MP: 7/7
  3010 | D:4      | Noticed bande's ghost (amateur MiFi)
  3056 | D:5      | Entered Level 5 of the Dungeon
  3485 | D:5      | Reached skill level 5 in Short Blades
  4384 | D:6      | Reached XP level 7. HP: 48/52 MP: 8/8
  4673 | D:6      | Reached skill level 5 in Dodging
  4791 | D:6      | Slain by a wight

Skill      XL: |  1  2  3  4  5  6  7 |
---------------+----------------------+-----
Transmutations | 2 3 |  3.8
Dodging        | 3 4 5 |  5.1
Short Blades   | 1 2 3 4 5 |  5.9
Fighting       | |  1.2
Unarmed Combat | |  3.2
Spellcasting   | |  1.3

Action                   |  1- 3 |  4- 6 |  7- 9 || total
-------------------------+-------+-------+-------++-------
Melee: Unarmed           |    30 |       |       ||    30
       Headbutt          |    12 |    26 |     8 ||    46
       Dagger            |    71 |   144 |   126 ||   341
       Punch             |     1 |     2 |       ||     3
  Use: Potion            |       |     5 |    13 ||    18
 Stab: Sleeping          |     1 |     1 |       ||     2
  Eat: Chunk             |     2 |     9 |     1 ||    12
Armor: Robe              |     8 |    16 |     4 ||    28
       Ring mail         |    14 |    17 |       ||    31
       Skin              |       |       |    60 ||    60
Dodge: Dodged            |    48 |    58 |    25 ||   131
Block: Other             |       |       |    16 ||    16
